 Dungeon Crawl Stone Soup version 0.29-a0-330-g52719c12eb (webtiles) character file.

Game seed: 3300418973064865130

11 Iscandelvey the Magician (level 2, -5/21 HPs)
             Began as a Djinni Conjurer on Apr 23, 2022.
             Slain by a lemure (6 damage)
             ... led by Pikel
             ... on level 3 of the Dungeon.
             The game lasted 00:02:20 (975 turns).

Iscandelvey the Magician (Djinni Conjurer)           Turns: 975, Time: 00:02:22

Health: -5/21      AC:  6    Str:  6    XL:     2   Next: 35%
Gold:   54         EV: 12    Int: 19    God:
                   SH:  0    Dex: 11

rFire   + + .      SeeInvis .   (no weapon)
rCold   x . .      Faith    .   (no shield)
rNeg    . . .      Spirit   .   a - +0 robe
rPois   ∞          Reflect  .   (no helmet)
rElec   .          Harm     .   (no cloak)
rCorr   .          Rampage  .   (no gloves)
Will    .....                   (boots unavailable)
Stlth   ++........              (no amulet)
HPRegen 0.07/turn               e - +4 ring of protection
MPRegen 0.00/turn               (no ring)

@: flying
A: sickness immunity, fire resistance 2, cold vulnerability 1, float, innate
caster, HP casting, extra vitality 1
a: no special abilities


You were on level 3 of the Dungeon.
You visited 1 branch of the dungeon, and saw 4 of its levels.

You collected 54 gold pieces.

Inventory:

Armour
 a - a +0 robe (worn)
Jewellery
 e - a +4 ring of protection (left hand)
Scrolls
 b - 2 scrolls of identify {unknown}
 f - 2 scrolls of teleportation {unknown}
 h - a scroll of magic mapping {unknown}
Potions
 c - a potion of heal wounds {unknown}
 d - a potion of invisibility {unknown}
 g - a potion of curing {unknown}


   Skills:
 + Level 2.5 Dodging
 + Level 1.9 Stealth
 + Level 3.3 Spellcasting


You couldn't memorise any spells.
You knew the following spells:

 Your Spells              Type           Power      Damage    Failure   Level
a - Magic Dart            Conj           64%        1d6       3%          1
b - Searing Ray           Conj           32%        2d5       5%          2
c - Dazzling Flash        Conj/Hex       32%        N/A       11%         3
d - Fulminant Prism       Conj/Hex       8%         3d7       36%         4
e - Iskenderun's Mystic   Conj/Tloc      16%        2d5       36%         4
Your spell library was empty.

Dungeon Overview and Level Annotations

Branches:
Dungeon (4/15)
 Temple: D:4-7

Altars:

Annotations:
D:4 Pikel


Innate Abilities, Weirdness & Mutations

You are immune to sickness and miasma.
You are immune to poison.
Your flesh is very heat resistant. (rF++)
You are vulnerable to cold. (rC-)
You float through the air rather than walking.
You learn spells naturally, not from books.
Your magical power is your life essence.
You have superior vitality. (+4 MHP)


Message History

There is an entrance to an ossuary on this level.
Hurry and find it before the portal is buried! 3 lemures come into view.
The lemure shouts! x3; You hear a shout!
Pikel, Merchant of Souls comes into view.
He is wielding a +2 whip of freezing.
A lemure comes into view.
Found an escape hatch in the ceiling.
Pikel says, "All the lords of Hell know my name!"
The lemure attacks as you move away! The lemure barely misses you.
A ball python comes into view.
The lemure attacks as you move away! The lemure barely misses you.
The lemure attacks as you move away! The lemure hits you but does no damage.
The ball python hisses angrily.
There is an escape hatch in the ceiling here.
The lemure barely misses you. A mysterious force pulls you upwards.
The hatch slams shut behind you. The lemure closely misses you.
The lemure attacks as you move away! The lemure closely misses you.
Found a plate armour and 6 gold pieces.
The lemure attacks as you move away! The lemure barely misses you.
The lemure attacks as you move away! The lemure hits you.
The lemure attacks as you move away! The lemure hits you but does no damage.
Found a fuming cyan potion.
You see here 6 gold pieces.
A giant cockroach comes into view.
The lemure attacks as you move away! The lemure hits you but does no damage.
The lemure attacks as you move away! The lemure barely misses you.
The lemure attacks as you move away! The lemure hits you but does no damage.
The lemure attacks as you move away! The lemure hits you.
The lemure attacks as you move away! The lemure hits you.
The lemure attacks as you move away! The lemure hits you.
The lemure attacks as you move away! The lemure hits you.
The lemure attacks as you move away! The lemure hits you but does no damage.
Found an escape hatch in the floor.
There is an escape hatch in the floor here.
The lemure attacks as you move away! The lemure hits you.
* * * LOW HITPOINT WARNING * * *
The lemure attacks as you move away! The lemure hits you.
* * * LOW HITPOINT WARNING * * *
The lemure attacks as you move away! The lemure hits you.
You die...

......# ......# #
......#. .......
.....## ###.######
...... .......@.#
...#########.####5#
.............. #.#
#.#.########.##.#B#
#.#$........... #K#
#.#..#######.####.#
#.#..........KB...#
#.#......###.######
#...#.##.# #.#


You could see a kobold brigand, a lemure and a giant cockroach.

Vanquished Creatures
  2 ball pythons (D:1)
  A giant cockroach (D:1)
  2 hobgoblins (D:1)
  A kobold (D:1)
  A quokka (D:1)
  2 bats
  A rat (D:1)
10 creatures vanquished.

Notes
Turn   | Place    | Note
-------+----------+-------------------------------------------
     0 | D:1      | Iscandelvey the Djinni Conjurer began the quest for the
                  | Orb.
     0 | D:1      | Reached XP level 1. HP: 15/15 MP: 0/0
   463 | D:1      | Reached XP level 2. HP: 19/21 MP: 0/0
   513 | D:1      | Found a faded altar of an unknown god.
   916 | D:2      | You are sucked into a shaft and drop 2 floors!
   916 | D:4      | Noticed a lemure
   916 | D:4      | Noticed a lemure
   916 | D:4      | Noticed a lemure
   917 | D:4      | Noticed Pikel
   917 | D:4      | Noticed a lemure
   926 | D:3      | Noticed a kobold brigand
   974 | D:3      | HP: 1/21 [lemure[Pikel] (3)]
   975 | D:3      | Slain by a lemure

Illustrated notes

Levels and vault maps discovered:
D:1:      doesnt_arrival_eight_statues, layout_basic,
          dreamdust_ecumenical_altar_grove
D:2:      layout_rooms, minmay_ruptured, uniq_sigmund, uniq_natasha,
          uniq_jessica
D:3:      layout_basic, nemelex_xobeh_ov_fountains_minmay,
          minmay_increasing_density
D:4:      layout_layer_cave, lemuel_tele_altar, mainiacjoe_overflow_alcove_3,
          lightli_ossuary_entry_decrepit_ruins, uniq_robin, uniq_pikel

Action                   || total
-------------------------++-------
 Cast: Magic Dart        ||    15
Armor: Robe              ||     5
Dodge: Dodged            ||     7

Table legend: (Time is in decaauts)
 A = Elapsed time spent in this place.
 B = Non-inter-level travel time spent in this place.
 C = Inter-level travel time spent in this place.
 D = Time resting spent in this place.
 E = Time spent auto-exploring this place.
 F = Levels seen in this place.
 G = Mean time per level.
                   A        B        C        D        E       F      G
               +--------+--------+--------+--------+--------+-----+--------+
         Total |    973 |    951 |     22 |      0 |    852 |   4 |  243.2 |
       Dungeon |    973 |    951 |     22 |      0 |    852 |   4 |  243.2 |
               +--------+--------+--------+--------+--------+-----+--------+

Top non-repeatable levels by time:
     D:1: 894 daAuts
     D:3: 48 daAuts
     D:2: 20 daAuts
     D:4: 9 daAuts
